 Dungeon Crawl Stone Soup version 0.29.0-11-gd7f09526c8 (webtiles) character file.

Game seed: 16656278084950993446

41 Anamonty the Sneak (level 3, 0/19 HPs)
             Began as a Vampire Enchanter on Sept 2, 2022.
             Killed from afar by Natasha (4 damage)
             ... with a puff of flame
             ... on level 2 of the Dungeon.
             The game lasted 00:02:45 (991 turns).

Anamonty the Sneak (Vampire Enchanter)               Turns: 991, Time: 00:02:46

Health: 0/19       AC:  3    Str:  7    XL:     3   Next: 32%
Magic:  6/6        EV: 12    Int: 19    God:
Gold:   32         SH:  0    Dex: 14    Spells: 1/6 levels left

rFire   . . .      SeeInvis +   a - +1 dagger
rCold   + + .      Faith    .   (no shield)
rNeg    + + +      Spirit   .   b - +0 robe
rPois   ∞          Reflect  .   k - +0 helmet
rElec   .          Harm     .   (no cloak)
rCorr   .          Rampage  .   (no gloves)
Will    .....                   (no boots)
Stlth   +++++.....              (no amulet)
HPRegen 0.00/turn               (no ring)
MPRegen 0.10/turn               (no ring)

@: bloodless, inhibited regen, slowed, very slow
A: bloodless, fangs 3, see invisible, vampiric 2
a: Bat Form, Revivify


You were on level 2 of the Dungeon.
You visited 1 branch of the dungeon, and saw 2 of its levels.

You collected 62 gold pieces.
You spent 30 gold pieces at shops.

Inventory:

Hand Weapons
 a - a +1 dagger (weapon)
Armour
 b - a +0 robe (worn)
 k - a +0 helmet (worn)
Scrolls
 d - 4 scrolls of identify {unknown}
 f - 3 scrolls of immolation {unknown}
 j - a scroll of teleportation {unknown}
Potions
 c - 2 potions of invisibility
 e - a potion of heal wounds {unknown}
 g - a potion of curing
 h - 2 potions of ambrosia {unknown}
 i - a potion of might {unknown}


   Skills:
 + Level 1.6 Short Blades
 + Level 2.4 Dodging
 * Level 5.2 Stealth
 + Level 2.2 Spellcasting
 * Level 5.2 Hexes


You had one spell level left.
You knew the following spells:

 Your Spells              Type           Power      Damage    Failure   Level
a - Ensorcelled Hibernat  Hex/Ice        24%        N/A       9%          2
b - Tukima's Dance        Hex            21%        N/A       6%          3

Your spell library contained the following spells:

 Spells                   Type           Power      Damage    Failure   Level
 Confusing Touch          Hex            21%        N/A       6%          3
 Dazzling Flash           Conj/Hex       24%        N/A       17%         3


Dungeon Overview and Level Annotations

Branches:
Dungeon (2/15)

Altars:

Shops:
D:1 !

Annotations:
D:2 Natasha


Innate Abilities, Weirdness & Mutations

You do not regenerate when monsters are visible.
You are frail without blood (-20% HP).
You can heal yourself when you bite living creatures.
You are immune to poison.
You have razor-sharp teeth.
You have supernaturally acute eyesight. (SInv)
You are afflicted with vampirism and can become a bat while bloodless.


Message History

You bite the jackal, and draw its blood!
You feel better.
You impale the jackal!!
You kill the jackal!
This spell is quite dangerous to cast!
Memorise Tukima's Dance, consuming 3 spell levels and leaving 1?
You start memorising the spell.
You continue memorising. x3
You finish memorising.
Spell assigned to 'b'.
Natasha is nearby!
You see here a jackal corpse.
Found 6 gold pieces.
Natasha hisses angrily.
Natasha mumbles some strange words.
Casting: Ensorcelled Hibernation (safe; 9% risk of failure)
Confirm with . or Enter, or press ? or * to list all spells.
You can't see any susceptible monsters within range! (Use Z to cast anyway.) Unknown command.
The shadow imp attacks as you move away!
The shadow imp barely misses you.
Natasha casts a spell.
Unknown command.
The crimson imp attacks as you move away!
The crimson imp misses you.
Natasha mumbles some strange words.
The crimson imp attacks as you move away!
The crimson imp hits you but does no damage.
Found a scroll labelled WOABEM VIUROB.
Unknown command.
The crimson imp attacks as you move away!
The crimson imp misses you.
Natasha zaps a wand.
The puff of flame hits you!
The crimson imp attacks as you move away!
The crimson imp closely misses you.
The crimson imp blinks!
The crimson imp blinks!
The shadow imp spits at you.
Natasha stares at you and mumbles some strange words.
You feel yourself slow down.
Natasha zaps a wand.
The puff of flame hits you!
* * * LOW HITPOINT WARNING * * *
Natasha zaps a wand.
The puff of flame hits you.
You die...

#.# #.# #.### #.#.. ##### #.#.#
...# #.#.# #..# #.###.#.### #..#
##########...#.[.... ####..###
#..@.............).. ......#.#
#h#######.....##.#..
...$.#.#####.#######.###.##.#.#
#..###h.............# #.##....
####...#.#####.#######.###.####.#
...h...§.......# #.....# #..
#####.########## ##..### ### #.#
#..# # #.# ##### ##..########


You could see Natasha.

Vanquished Creatures
  A dart slug (D:1)
  3 ball pythons (D:1)
  7 endoplasms
  A giant cockroach (D:1)
  5 goblins
  3 hobgoblins
  A jackal (D:2)
  2 bats (D:1)
  A frilled lizard (D:2)
  5 kobolds
  5 rats
34 creatures vanquished.

Vanquished Creatures (others)
  7 fungi (D:1)
  3 plants (D:1)
10 creatures vanquished.

Grand Total: 44 creatures vanquished

Notes
Turn   | Place    | Note
-------+----------+-------------------------------------------
     0 | D:1      | Anamonty the Vampire Enchanter began the quest for the Orb.
     0 | D:1      | Reached XP level 1. HP: 13/13 MP: 3/3
   101 | D:1      | Found Nizxeq's Distillery.
   107 | D:1      | Reached XP level 2. HP: 19/19 MP: 5/5
   193 | D:1      | Learned a level 2 spell: Ensorcelled Hibernation
   245 | D:1      | Bought a potion of curing for 30 gold pieces
   289 | D:1      | Reached skill level 5 in Stealth
   322 | D:1      | Reached skill level 5 in Hexes
   456 | D:1      | Gained mutation: You are afflicted with vampirism and can
                  | become a bat while bloodless. [Vampire growth]
   456 | D:1      | Reached XP level 3. HP: 20/24 MP: 6/6
   566 | D:1      | Found a faded altar of an unknown god.
   910 | D:2      | Noticed Natasha
   933 | D:2      | Learned a level 3 spell: Tukima's Dance
   991 | D:2      | Killed from afar by Natasha

Illustrated notes

Levels and vault maps discovered:
D:1:      onia_arrival_handbag, layout_basic,
          shapermc_ecumenical_altar_mp_urbaneastern, serial_shops,
          nicolae_shop_statue_plus
D:2:      layout_loops_ring, serial_bayou_pond_d, uniq_natasha

Skill      XL: |  1  2 |
---------------+-------+-----
Stealth        | 5 |  5.2
Hexes          | 5 |  5.2
Short Blades   | |  1.6
Dodging        | |  2.4
Spellcasting   | |  2.2

Action                   || total
-------------------------++-------
Melee: Dagger            ||   107
       Bite              ||     6
       Punch             ||     2
 Cast: Ensorcelled Hiber ||     5
 Abil: Exsanguinate      ||     2
 Stab: Sleeping          ||     9
Armor: Robe              ||    10
Dodge: Dodged            ||    72
